 Dungeon Crawl Stone Soup version 0.18-a0-1577-gf591c28 (console) character file.

64 Liam the Magician (level 3, 0/21 HPs)
             Began as a High Elf Wizard on Mar 17, 2016.
             Slain by Terence
             ... wielding a +0 mace of crushing
              (2 damage)
             ... on level 2 of the Dungeon.
             The game lasted 00:05:15 (2036 turns).

Liam the Magician (High Elf Wizard)                 Turns: 2036, Time: 00:05:15

Health: 0/21       AC:  2    Str:  6    XL:     3   Next: 91%
Magic:  2/10       EV: 12    Int: 23    God:
Gold:   136        SH:  0    Dex: 13    Spells: 5 memorised, 0 levels left

rFire  . . .     SeeInvis .     l - +2 short sword (venom)
rCold  . . .     Gourm    .     a - +0 robe
rNeg   . . .     Faith    .     (no shield)
rPois  .         Spirit   .     b - +0 hat
rElec  .         Dismiss  .     (no cloak)
rCorr  .         Reflect  .     (no gloves)
SustAt .         Harm     .     (no boots)
MR     .....                    (no amulet)
Stlth  ++........               (no ring)
                                (no ring)

@: not resistant to hostile enchantments, unstealthy
A: no striking features
a: no special abilities


You were on level 2 of the Dungeon.
You were not hungry.

You visited 1 branch of the dungeon, and saw 3 of its levels.

You collected 136 gold pieces.

Inventory:

Hand Weapons
 l - a +2 short sword of venom (weapon)
Armour
 a - a +0 robe (worn)
 b - a +0 hat (worn)
Scrolls
 e - a scroll of remove curse {unknown}
 g - a scroll of recharging {unknown}
 i - a scroll of noise {unknown}
 j - a scroll of identify {unknown}
 k - a scroll of enchant weapon {unknown}
 m - a scroll of fear {unknown}
 o - a scroll of teleportation {unknown}
Potions
 h - a potion of resistance {unknown}
Books
 c - a book of Minor Magic

   Spells                             Type                      Level
   a - Magic Dart                     Conjuration                  1
   b - Blink                          Translocation                2
   c - Call Imp                       Summoning                    2
   d - Repel Missiles                 Charms/Air                   2
   e - Slow                           Hexes                        2
   f - Conjure Flame                  Conjuration/Fire             3
   g - Mephitic Cloud                 Conjuration/Poison/Air       3
Comestibles
 d - 2 bread rations
 f - 2 meat rations
 n - 3 fruits


   Skills:
 - Level 2.1 Dodging
 - Level 2.1 Stealth
 + Level 4.7 Spellcasting
 + Level 2.9 Conjurations
   Level 0.8 Summonings
 - Level 1.1 Translocations


You couldn't memorise any spells.
You knew the following spells:

 Your Spells              Type           Power        Failure   Level  Hunger
a - Magic Dart            Conj           ###.         2%          1    None
b - Blink                 Tloc           N/A          12%         2    None
d - Mephitic Cloud        Conj/Pois/Air  ##......     21%         3    ##.....
e - Conjure Flame         Conj/Fire      ##......     17%         3    ##.....
m - Repel Missiles        Chrm/Air       #.....       17%         2    None


Dungeon Overview and Level Annotations

Branches:
Dungeon (3/15)

Altars:

Annotations:
D:2 Terence


Message History

You climb upwards.
The teleport trap disappears.
The goblin disappears!
There is a stone staircase leading down here.
Casting: Magic Dart
Confirm with . or Enter, or press ? or * to list all spells.
You blink.
Casting: Blink
Confirm with . or Enter, or press ? or * to list all spells.
You blink.
Casting: Blink
Confirm with . or Enter, or press ? or * to list all spells.
You blink.
Terence closely misses you.
Casting: Blink
Confirm with . or Enter, or press ? or * to list all spells.
You blink.
Casting: Blink
Confirm with . or Enter, or press ? or * to list all spells.
You don't have enough magic to cast that spell.
Terence hits you with a mace of crushing!
* * * LOW HITPOINT WARNING * * *
You die...

#####.###.# #.......#......
#........# #.#.##..#.##..#
#........### #.#.#...#.##...
#..........# #.#............
#.....รท..#.#######.##.....######
#.......(......(...##.....#
#.......######.#######...##
#.##.##...####.### ##.##
#.##.....#.#...@.# #.##
#........##.(..@.# #..#
#.##.##..###...>.# ##.#
#........# #.....# #.#
#.##.##.####.....# #.#
#.##..#.###.###### #.#
#.......##.## #.# ####.##...##
#.# #.############### #.#


You could see Terence.

Vanquished Creatures
  An adder (D:2)
  A worm (D:2)
  A dart slug (D:1)
  A giant gecko (D:2)
  A ball python (D:1)
  3 giant cockroaches
  A goblin (D:2)
  8 hobgoblins
  5 jackals
  9 kobolds
  7 bats
  4 giant newts
  4 rats
46 creatures vanquished.

Notes
Turn   | Place    | Note
--------------------------------------------------------------
     0 | D:1      | Liam the High Elf Wizard began the quest for the Orb.
     0 | D:1      | Reached XP level 1. HP: 11/11 MP: 6/6
   265 | D:1      | Reached XP level 2. HP: 17/17 MP: 3/7
   331 | D:1      | Reached skill level 4 in Spellcasting
   669 | D:1      | Learned a level 2 spell: Blink
   672 | D:1      | Learned a level 2 spell: Repel Missiles
  1127 | D:1      | Reached XP level 3. HP: 21/21 MP: 6/9
  1995 | D:2      | Learned a level 3 spell: Conjure Flame
  1999 | D:2      | Learned a level 3 spell: Mephitic Cloud
  2027 | D:3      | Noticed Terence
  2036 | D:2      | Slain by Terence

Vault maps used:
D:1:      lightli_iron_boxes
D:3:      minmay_overflow_temple_star_quad, zin_statuary,
          nicolae_overflow_hidden_temple, st_stairs_9, uniq_robin, uniq_terence

Skill      XL: |  1  2 |
---------------+-------+-----
Spellcasting   | 4 |  4.7
Conjurations   | 2 |  2.9
Dodging        | |  2.1
Stealth        | |  2.1
Summonings     | |  0.8
Translocations | |  1.1

Action                   || total
-------------------------++-------
Melee: Unarmed           ||     1
 Cast: Magic Dart        ||   105
       Blink             ||     4
  Eat: Chunk             ||     3
